 Dungeon Crawl Stone Soup version 0.30-b1-2-g02819fbbbe (webtiles) character file.

Game seed: 12202556786081697947

297 Alarkh the Trooper (level 6, 48/48 HPs)
             Began as a Demonspawn Artificer on Nov 22, 2023.
             Got out of the dungeon alive.
             The game lasted 00:04:40 (3326 turns).

Alarkh the Trooper (Demonspawn Artificer)           Turns: 3326, Time: 00:04:41

Health: 48/48      AC:  4    Str: 12    XL:     6   Next: 12%
Magic:  8/8        EV: 13    Int: 15    God:
Gold:   244        SH:  0    Dex: 13    Spells: 6/8 levels left

rFire   . . .        a - +0 dagger
rCold   . . .        (no shield)
rNeg    . . .        b - +0 leather armour
rPois   .            (helmet restricted)
rElec   .            (no cloak)
rCorr   .            m - +0 pair of gloves
SInv    .            (no boots)
Will    +....        (no amulet)
Stlth   ++           n - ring of willpower
HPRegen 0.28/turn    (no ring)
MPRegen 0.11/turn

%: no passive effects
@: no status effects
A: antennae 1, repulsion field 1, demonic magic 1
a: no special abilities


You escaped.
You visited 1 branch of the dungeon, and saw 5 of its levels.

You collected 266 gold pieces.
You spent 22 gold pieces at shops.

Inventory:

Hand Weapons
 a - a +0 dagger (weapon)
Armour
 b - a +0 leather armour (worn)
 m - a +0 pair of gloves (worn)
Jewellery
 n - a ring of willpower (left hand)
Wands
 d - a wand of charming (15)
 e - a wand of iceblast (4)
Scrolls
 g - a scroll of amnesia {unknown}
 j - a scroll of identify
 k - 3 scrolls of poison
 l - a scroll of teleportation {unknown}
 o - a scroll of noise {unknown}
 p - a scroll of enchant weapon {unknown}
 r - a scroll of torment {unknown}
 s - a scroll of summoning {unknown}
 t - a scroll of fog {unknown}
 v - a scroll of fear {unknown}
 w - a scroll of immolation {unknown}
Potions
 f - a potion of heal wounds
 h - 5 potions of lignification {unknown}
 i - a potion of magic {unknown}
 q - 2 potions of curing {unknown}
 u - a potion of attraction {unknown}


   Skills:
 + Level 3.8 Fighting
 * Level 2.7 Short Blades
 - Level 1.7 Armour
 - Level 0.8 Dodging
 + Level 1.9 Stealth
 + Level 1.5 Spellcasting
 + Level 1.8 Summonings
 - Level 3.0 Evocations


You had 6 spell levels left.
You knew the following spells:

 Your Spells              Type           Power      Damage    Failure   Level
a - Call Imp              Summ           12%        N/A       22%         2

Your spell library contained the following spells:

 Spells                   Type           Power      Damage    Failure   Level
 Summon Small Mammal      Summ           24%        N/A       14%         1
 Apportation              Tloc           2%         N/A       30%         1
 Freeze                   Ice            4%         1d3       30%         1
 Magic Dart               Conj           4%         1d3       30%         1
 Necrotise                Necr           4%         1d4       30%         1
 Sandblast                Erth           2%         2d4       30%         1
 Passwall                 Tmut/Erth      0%         N/A       41%         2
 Sublimation of Blood     Necr           1%         N/A       41%         2
 Wereblood                Tmut           1%         N/A       41%         2
 Frozen Ramparts          Ice            2%         1d1       65%         3
 Hailstorm                Conj/Ice       1%         3d3       65%         3
 Inner Flame              Hex/Fire       1%         N/A       65%         3
 Mephitic Cloud           Conj/Pois/Air  1%         N/A       65%         3
 Stone Arrow              Conj/Erth      2%         3d7       65%         3
 Flame Wave               Conj/Fire      1%         2d4       96%         4
 Sticky Flame             Conj/Fire      1%         2d3       96%         4
 Summon Hydra             Summ           3%         N/A       100%        7


Dungeon Overview and Level Annotations

Branches:
Dungeon (5/15)
 Temple: D:4-7

Altars:
Cheibriados
Hepliaklqana
Ru

Shops:
D:3 ?


Innate Abilities, Weirdness & Mutations

You have a pair of small antennae on your head.
You are surrounded by a mild repulsion field. (EV +2)
Spells you cast may paralyse adjacent enemies.


Message History

The black bear is almost dead.
The now-empty wand crumbles to dust.
The black bear bites you. The black bear claws you.
The black bear barely misses you.
Your magical contamination has completely faded away.
Aiming: Iceblast
Press: ? - help, Shift-Dir - straight line, p - black bear That beam is likely to hit you.
Continue anyway?
The mass of ice explodes!
The iceblast engulfs the black bear!
You kill the black bear!
The iceblast engulfs the white imp!
The white imp partially resists.
You kill the white imp!
The iceblast engulfs you!
You hear an angry hiss.
You have reached level 6!
Your demonic ancestry asserts itself...
A pair of antennae grows on your head!
(D) Dungeon
Where to? (Enter - D:5, ? - help)
What level of the Dungeon? (default 1, ? - help)
You climb upwards.
There is a stone staircase leading down here.
There is a stone staircase leading up here.
There is a stone staircase leading up here.
You climb upwards.
There is a stone staircase leading down here.
HP restored.
Magic restored.
There is a stone staircase leading up here.
You climb upwards.
There is a stone staircase leading down here.
There is a stone staircase leading up here.
You climb upwards.
There is a stone staircase leading down here.
You see here a +0 dagger.
Magic restored.
HP restored.
There is an open door here.
There is a staircase leading out of the dungeon here.
Are you sure you want to leave the Dungeon?
This will make you lose the game!
You have escaped!

≈#..# #.........##≈§≈#+..# #..
≈≈#.# ##.#......#.....#..###..
.##.# #..#......≈.....≈...####
###.# #..#......≈..⌠..§...# #
###.# #..#......#.....#...####
.##.# ##..###≈≈≈###≈≈≈###......
)...# ##....#.....#......##..###
....## #.....≈..⌠..≈..)..)###.#
#.#..###.#...≈..@..≈......# #.#
#.....#......#.....#......###.#
##.#......#..'#≈≈≈##........#.###
#.....##..........######........
##.#..##.#......### #.....###
##..#...#)####)...# ####..#
#..#......# #.##.# ####...#
..........# #.##.#### #....#.#
..........# #...>...###.####.###


There were no monsters in sight!

Vanquished Creatures
  A black bear (D:5)
  A phantom (D:4)
  A jelly (D:4)
  An iguana (D:3)
  A white imp (D:5)
  4 dart slugs
  An orc (D:3)
  4 bats
  8 endoplasms
  4 giant cockroaches
  6 goblins
  2 hobgoblins (D:1)
  11 kobolds
  4 quokkas
  8 ball pythons
  3 frilled lizards
  4 rats
64 creatures vanquished.

Notes
Turn   | Place    | Note
-------+----------+-------------------------------------------
     0 | D:1      | Alarkh the Demonspawn Artificer began the quest for the
                  | Orb.
     0 | D:1      | Reached XP level 1. HP: 15/15 MP: 1/1
   113 | D:1      | Gained mutation: You are surrounded by a mild repulsion
                  | field. (EV +2) [demonic ancestry]
   113 | D:1      | Reached XP level 2. HP: 13/22 MP: 2/2
   762 | D:1      | Gained mutation: Spells you cast may paralyse adjacent
                  | enemies. [demonic ancestry]
   762 | D:1      | Reached XP level 3. HP: 24/29 MP: 3/3
  1192 | D:2      | Learned a level 2 spell: Call Imp
  1486 | D:2      | Found a faded altar of an unknown god.
  1865 | D:3      | Found a sacrificial altar of Ru.
  1944 | D:3      | Found a hazy altar of Hepliaklqana.
  1958 | D:3      | Reached skill level 1 in Short Blades
  2020 | D:3      | Found Tisho's Magic Scroll Shoppe.
  2026 | D:3      | Bought a scroll of identify for 22 gold pieces
  2108 | D:3      | Reached XP level 4. HP: 6/35 MP: 4/4
  2609 | D:4      | Reached skill level 1 in Stealth
  2609 | D:4      | Reached skill level 1 in Summonings
  2810 | D:4      | Noticed a phantom
  2817 | D:4      | Reached skill level 1 in Spellcasting
  2839 | D:4      | Killed a phantom
  2840 | D:4      | Reached XP level 5. HP: 39/41 MP: 0/6
  2901 | D:4      | Found a snail-covered altar of Cheibriados.
  3203 | D:5      | Entered Level 5 of the Dungeon
  3217 | D:5      | Noticed a black bear
  3247 | D:5      | Killed a black bear
  3248 | D:5      | Gained mutation: You have a pair of small antennae on your
                  | head. [demonic ancestry]
  3248 | D:5      | Reached XP level 6. HP: 27/48 MP: 1/8
  3326 | D:$      | Got out of the dungeon alive.

Illustrated notes

Levels and vault maps discovered:
D:1:      dpeg_arrival_rooms_with_view, layout_rooms, serial_rivers,
          chequers_serial_rivers_micro_a, chequers_serial_rivers_room_a,
          chequers_serial_rivers_small_b, chequers_serial_rivers_large_a,
          chequers_serial_rivers_small_3, chequers_serial_rivers_micro_e
D:2:      layout_basic, shapermc_ecumenical_altar_totnotflames,
          nicolae_figureground_sparkle
D:3:      layout_loops_ring, mainiacjoe_overflow_paths,
          mainiacjoe_overflow_24_doors, serial_shops, shop, serial_bayou_ford_a
D:4:      layout_rooms, mainiacjoe_overflow_cross_hatched
D:5:      layout_loops_cross, serial_glass, glass_columns_a, glass_columns_a,
          nicolae_take_the_stairs

Skill      XL: |  1  2  3  4 |
---------------+-------------+-----
Fighting       | 2 3 |  3.8
Short Blades   | 1 2 |  2.7
Stealth        | 1 |  1.9
Summonings     | 1 |  1.8
Spellcasting   | 1 |  1.5
Armour         | |  1.7
Dodging        | |  0.8
Evocations     | |  3.0

Action                     |  1- 3 |  4- 6 || total
---------------------------+-------+-------++-------
  Melee: Dagger            |   243 |    91 ||   334
         Club              |     6 |       ||     6
         Punch             |     4 |     1 ||     5
   Cast: Call Imp          |       |     3 ||     3
  Evoke: Wand              |     6 |    10 ||    16
    Use: Scroll            |     2 |       ||     2
   Stab: Sleeping          |     4 |       ||     4
         Paralysed         |       |     1 ||     1
 Armour: Leather armour    |    75 |    21 ||    96
  Dodge: Dodged            |   166 |    55 ||   221
